[Event "Team 45 45 League T76"]
[Site "Internet Chess Club"]
[Date "2018.04.14"]
[Round "4"]
[White "WzeroMN"]
[Black "tasawyer81"]
[Result "0-1"]
[WhiteElo "1137"]
[BlackElo "1156"]
[Opening "Pirc defense"]
[ECO "B07"]
[Time "12:01:06"]
[TimeControl "2700+45"]

1. e4 d6 2. d4 Nf6 3. e5 dxe5 4. dxe5 Qxd1+ 5. Kxd1 Nd5 6. c4 Nb6 7. b3 Bf5 8.
f4 e6 9. Ba3 Bxa3 10. Nxa3 O-O 11. Ke1 Nc6 12. Rd1 Nb4 13. Nf3 Nxa2 14. Bd3 Rad8
15. Bxf5 Rxd1+ 16. Kxd1 exf5 17. Re1 Nc3+ 18. Kc2 Ne4 19. Nd2 Nc5 20. Rd1 Rd8
21. b4 Nd3 22. Nf3 Nxb4+ 23. Kc1 Rxd1+ 24. Kxd1 Nd3 25. Nb5 Nxc4 26. Nxc7 a5 27.
Kc2 Nxf4 28. g3 Ne3+ 29. Kd2 Nfd5 30. Nxd5 Nxd5 31. Nd4 a4 32. Nc2 b5 33. Kc1 b4
34. Kb1 b3 35. Na3 Kf8 36. Nc4 Ke7 37. Kb2 h5 38. Na5 g5 39. Nc6+ Ke6 40. Nd8+
Kxe5 41. Nxf7+ Ke4 42. Nxg5+ Kd3 43. Nf3 Ke3 44. Ne1 Ke2 45. Ng2 Kf2 46. Nh4 f4
47. gxf4 Nxf4 48. Nf5 Nd3+ 49. Ka3 b2 50. Ka2 a3 51. Nd4 Nb4+ 52. Kb1 h4 53. h3
Kg2 54. Nc2 Nxc2 55. Kxc2 Kxh3 56. Kb1 Kg2 57. Ka2 h3 58. Kb1 h2 59. Ka2 h1=Q
60. Kb3 b1=Q+ 61. Kxa3 Qhc1+ 62. Ka4 Qc4+ 63. Ka5 Qbb5# {White checkmated} 0-1

[Event "Team 45 45 League T76"]
[Site "Internet Chess Club"]
[Date "2018.04.16"]
[Round "4"]
[White "SeniorCitizen"]
[Black "smsxman"]
[Result "0-1"]
[WhiteElo "1274"]
[BlackElo "1337"]
[Opening "French defense"]
[ECO "C01"]
[Time "13:00:54"]
[TimeControl "2700+45"]

1. e4 e6 2. d4 Nf6 3. e5 Nd5 4. a3 c5 5. c3 cxd4 6. cxd4 Nc6 7. Nf3 Be7 8. Nc3
O-O 9. Bc4 Nxc3 10. bxc3 Na5 11. Ba2 b6 12. O-O Ba6 13. Re1 Rc8 14. Bb2 Nc4 15.
Bxc4 Bxc4 16. Qc2 b5 17. Nd2 Bd5 18. Re3 g6 19. Ne4 Bxe4 20. Rxe4 a5 21. Qd3 b4
22. axb4 axb4 23. c4 d5 24. cxd5 Qxd5 25. f3 Rc4 26. Rc1 Rfc8 27. Rxc4 Rxc4 28.
g4 Qb5 29. Qd1 Rc8 30. Re2 Qd5 31. Kg2 b3 32. Kg3 f6 33. h4 fxe5 34. Rxe5 Bd6
35. f4 Bxe5 36. fxe5 Rc2 {White resigns} 0-1

[Event "Team 45 45 League T76"]
[Site "Internet Chess Club"]
[Date "2018.04.15"]
[Round "4"]
[White "rkjulianjr"]
[Black "olivermx"]
[Result "1-0"]
[WhiteElo "1320"]
[BlackElo "1236"]
[Opening "QGD Slav defense: exchange variation"]
[ECO "D10"]
[Time "08:32:10"]
[TimeControl "2700+45"]

1. d4 d5 2. c4 c6 3. cxd5 cxd5 4. Bf4 Nf6 5. Nc3 e6 6. e3 b6 7. a3 Bb7 8. Bd3
Be7 9. Nf3 O-O 10. O-O Nbd7 11. h3 Bc6 12. Rc1 Rc8 13. Ba6 Ra8 14. Ne2 Nb8 15.
Bxb8 Rxb8 16. Rxc6 {Black resigns} 1-0

[Event "Team 45 45 League T76"]
[Site "Internet Chess Club"]
[Date "2018.04.16"]
[Round "4"]
[White "vedv"]
[Black "oldbookseller"]
[Result "1-0"]
[WhiteElo "1000"]
[BlackElo "970"]
[Opening "Giuoco Pianissimo"]
[ECO "C55"]
[Time "18:00:41"]
[TimeControl "2700+45"]

1. e4 e5 2. Nf3 Nc6 3. Bc4 Nf6 4. d3 Bc5 5. O-O O-O 6. Nc3 d6 7. h3 Nd4 8. Nxd4
Bxd4 9. Re1 Nh5 10. Qxh5 Qf6 11. Be3 Bxc3 12. bxc3 Bd7 13. Bg5 Qg6 14. Qxg6 hxg6
15. Re3 Kh7 16. Rg3 f6 17. Bd2 f5 18. exf5 Bxf5 19. d4 Bxc2 20. dxe5 dxe5 21.
Rc1 Be4 22. Re3 Bc6 23. Rxe5 Rad8 24. Be3 Ba4 25. Re7 b5 26. Bb3 Bxb3 27. axb3
a5 28. Bd4 Kh6 29. Rce1 a4 30. bxa4 bxa4 31. R1e4 a3 32. Be3+ g5 33. Ra4 Rd1+
34. Kh2 Ra1 35. Rxc7 a2 36. Rc6+ Kh5 37. g4+ Kh4 38. Rc5 Rf3 39. Bxg5# {Black
checkmated} 1-0